 Dungeon Crawl Stone Soup version 0.28-b1-25-g9875b3fc8c (webtiles) character file.

Game seed: 16527825356842660377

5 vvl the Stinger (level 1, -1/14 HPs)
             Began as a Draconian Venom Mage on Feb 2, 2022.
             Slain by a dart slug (2 damage)
             ... on level 1 of the Dungeon.
             The game lasted 00:00:45 (142 turns).

vvl the Stinger (Draconian Venom Mage)               Turns: 142, Time: 00:00:46

Health: -1/14      AC:  4    Str: 10    XL:     1   Next: 66%
Magic:  1/3        EV: 12    Int: 15    God:
Gold:   16         SH:  0    Dex: 11    Spells: 3/4 levels left

rFire   . . .      SeeInvis .   (no weapon)
rCold   . . .      Faith    .   (no shield)
rNeg    . . .      Spirit   .   (armour unavailable)
rPois   .          Reflect  .   (helmet restricted)
rElec   .          Harm     .   (no cloak)
rCorr   .          Rampage  .   (no gloves)
Will    .....                   (no boots)
Stlth   ++........              (no amulet)
HPRegen 0.04/turn               (no ring)
MPRegen 0.08/turn               (no ring)

@: very slightly contaminated
A: AC +4, unfitting armour, cold-blooded
a: no special abilities


You were on level 1 of the Dungeon.
You visited 1 branch of the dungeon, and saw 1 of its levels.

You collected 16 gold pieces.

Inventory:

Scrolls
 a - a scroll of identify {unknown}


   Skills:
 + Level 0.2 Fighting
 + Level 1.8 Dodging
 + Level 1.8 Stealth
 + Level 2.0 Spellcasting
 + Level 1.1 Transmutations
 * Level 3.1 Poison Magic


You had 3 spell levels left.
You knew the following spells:

 Your Spells              Type           Power      Damage    Failure   Level
a - Sting                 Tmut/Pois      28%        1d4       10%         1

Your spell library contained the following spells:

 Spells                   Type           Power      Damage    Failure   Level
 Poisonous Vapours        Pois/Air       12%        N/A       19%         2
 Mephitic Cloud           Conj/Pois/Air  4%         N/A       41%         3
 Olgreb's Toxic Radiance  Pois           10%        N/A       52%         4


Dungeon Overview and Level Annotations

Branches:
Dungeon (1/15)

Altars:


Innate Abilities, Weirdness & Mutations

Your plain brown scales are hard. (AC +4)
You cannot fit into any form of body armour.
You are cold-blooded and may be slowed by cold attacks.


Message History

No target in view!
A dart slug comes into view.
The dart slug launches a dart at you. The slug dart hits you.
A dart slug is nearby!
A dart slug is nearby!
A dart slug is nearby!
A kobold comes into view. It is wielding a +0 short sword.
The kobold shouts!
The kobold throws a stone.
The stone hits you but does no damage.
The kobold throws a stone.
The stone hits you.
The sting hits the kobold but does no damage.
The kobold is poisoned.
The kobold throws a stone.
The stone hits you but does no damage. The kobold closely misses you.
You hit the kobold.
You kill the kobold!
The dart slug launches a dart at you. The slug dart hits you.
You are too injured to fight recklessly!
The dart slug launches a dart at you. The slug dart hits you.
* * * LOW HITPOINT WARNING * * *
You are too injured to fight recklessly!
Casting: Sting (safe; 10% risk of failure)
Confirm with . or Enter, or press ? or * to list all spells.
Aiming: Sting (safe; 10% risk of failure)
Press: ? - help, Shift-Dir - straight line, f - dart slug
Aim: a dart slug (100% to hit)
The sting hits the dart slug.
The dart slug is poisoned.
The dart slug is lightly wounded.
Casting: Sting (safe; 10% risk of failure)
Confirm with . or Enter, or press ? or * to list all spells.
Aiming: Sting (safe; 10% risk of failure)
Press: ? - help, Shift-Dir - straight line, f/p - dart slug
Aim: a dart slug (moderately wounded, poisoned, 100% to hit)
You miscast Sting.
You are very lightly contaminated with residual magic.
Nothing appears to happen.
The dart slug bites you.
You die...

#'#####.....# ..
......#.##### .?.....
......#.# ######........
...⌠..#.# #.............
......#.####...##........
.<....+.##......#........
......#.##......#........
...⌠..#.##......#w.......
......#.##......@........
......#.##......#........
#+#####.........##)######
.......##.......#.#
#########.......#..
##......#### #.###### #.#
.#


You could see a dart slug (poisoned).

Vanquished Creatures
  2 jackals (D:1)
  A quokka (D:1)
  A kobold (D:1)
  A rat (D:1)
5 creatures vanquished.

Notes
Turn   | Place    | Note
-------+----------+-------------------------------------------
     0 | D:1      | vvl the Draconian Venom Mage began the quest for the Orb.
     0 | D:1      | Reached XP level 1. HP: 14/14 MP: 3/3
   142 | D:1      | Slain by a dart slug

Illustrated notes

Levels and vault maps discovered:
D:1:      mushboom_english_gardens, layout_basic, serial_shops, shop,
          minmay_tetromino_s4

Action                   || total
-------------------------++-------
Melee: Unarmed           ||     8
       Tailslap          ||     2
 Cast: Sting             ||     7
Armor: Skin              ||     6
Dodge: Dodged            ||     6
